 Dungeon Crawl Stone Soup version 0.26-a0-712-ga5a9c9c9d0 (webtiles) character file.

Game seed: 12441914005867516102

12 kae the Insei (level 2, -4/16 HPs)
             Began as a Tengu Transmuter on Nov 13, 2020.
             Slain by a worm (8 damage)
             ... on level 2 of the Dungeon.
             The game lasted 00:01:02 (1001 turns).

kae the Insei (Tengu Transmuter)                    Turns: 1001, Time: 00:01:03

Health: -4/16      AC:  2    Str: 10    XL:     2   Next: 33%
Magic:  5/6        EV: 13    Int: 13    God:
Gold:   18         SH:  0    Dex: 14    Spells: 4/5 levels left

rFire    . . .     SeeInvis .     - Unarmed
rCold    . . .     Faith    .   (no shield)
rNeg     . . .     Spirit   .   a - +0 robe
rPois    .         Reflect  .   (helmet currently unavailable)
rElec    .         Harm     .   (no cloak)
rCorr    .         Rampage  .   (no gloves)
MR       .....                  (boots unavailable)
Stlth    +.........             (no amulet)
HPRegen  0.05/turn              (no ring)
MPRegen  0.10/turn              (no ring)

@: appendages
A: beak, horns 2, talons 3
a: End Transformation


You were on level 2 of the Dungeon.
You had grown temporary horns.
You visited 1 branch of the dungeon, and saw 2 of its levels.

You collected 18 gold pieces.

Inventory:

Armour
 a - a +0 robe (worn)
 d - a +1 hat of intelligence (melded)
Jewellery
 e - an uncursed ring of protection from magic {unknown}
 f - a +6 ring of strength {unknown}
Scrolls
 c - 2 scrolls of identify {unknown}
 h - a scroll of remove curse {unknown}
 i - a scroll of amnesia {unknown}
Potions
 b - a potion of brilliance {unknown}
 g - a potion of might {unknown}


   Skills:
 + Level 1.2 Fighting
 + Level 2.3 Dodging
 + Level 3.4 Unarmed Combat
 - Level 2.0 Spellcasting
 * Level 2.0 Transmutations


You had 4 spell levels left.
You knew the following spells:

 Your Spells              Type           Power        Failure   Level
a - Beastly Appendage     Tmut           #.....       11%         1

Your spell library contained the following spells:

 Spells                   Type           Power        Failure   Level
 Wereblood                Tmut           #.......     17%         2
 Spider Form              Tmut/Pois      #.........   45%         3
 Ice Form                 Ice/Tmut       #.......     86%         4
 Blade Hands              Tmut           #.........   97%         5


Dungeon Overview and Level Annotations

Branches:
Dungeon (2/15)

Altars:


Innate Abilities, Weirdness & Mutations

You have a beak for a mouth.
You have claws for feet.
You have a pair of horns on your head.


Message History

You grow a pair of large bovine horns.
Your +1 hat of intelligence melds into your body.
You feel stupid. The worm bites you!
Ouch! That really hurt!
You are too injured to fight recklessly!
You are too injured to fight recklessly!
You are too injured to fight recklessly!
You are too injured to fight recklessly!
You are too injured to fight recklessly!
You are too injured to fight recklessly!
You barely miss the worm. You peck the worm.
The worm is lightly wounded.
The worm bites you.
* * * LOW HITPOINT WARNING * * *
You hit the worm. Your kick misses the worm.
The worm is lightly wounded.
The worm bites you!
Ouch! That really hurt!
You die...

... #.. ..
#.# .. #.#
$ ...
#.#.####
#####.#...?
.........♣
#@.♣ ##w♣
.♣ .♣ .♣ #.
. .


You could see a worm.

Vanquished Creatures
  2 leopard geckos (D:1)
  2 goblins (D:1)
  A bat (D:1)
  3 frilled lizards (D:1)
  4 rats
12 creatures vanquished.

Notes
Turn   | Place    | Note
-------+----------+-------------------------------------------
     0 | D:1      | kae the Tengu Transmuter began the quest for the Orb.
     0 | D:1      | Reached XP level 1. HP: 12/12 MP: 4/4
   385 | D:1      | Reached XP level 2. HP: 11/16 MP: 4/6
  1001 | D:2      | Slain by a worm

Illustrated notes

Levels and vault maps discovered:
D:1:      psy_arrival_conway, layout_loops_ring
D:2:      layout_basic, tso_metal_star, nrook_campfire, minmay_misc_feat_five

Skill      XL: |  1  2 |
---------------+-------+-----
Transmutations | 2 |  2.0
Fighting       | |  1.2
Dodging        | |  2.3
Unarmed Combat | |  3.4
Spellcasting   | |  2.0

Action                   || total
-------------------------++-------
Melee: Unarmed           ||    24
       Kick              ||     4
       Peck              ||     4
       Headbutt          ||     1
 Cast: Beastly Appendage ||     8
Armor: Robe              ||     5
Dodge: Dodged            ||    14

Table legend: (Time is in decaauts)
 A = Elapsed time spent in this place.
 B = Non-inter-level travel time spent in this place.
 C = Inter-level travel time spent in this place.
 D = Time resting spent in this place.
 E = Time spent auto-exploring this place.
 F = Levels seen in this place.
 G = Mean time per level.
                   A        B        C        D        E       F      G
               +--------+--------+--------+--------+--------+-----+--------+
         Total |   1004 |    941 |     63 |    100 |    710 |   2 |  502.0 |
       Dungeon |   1004 |    941 |     63 |    100 |    710 |   2 |  502.0 |
               +--------+--------+--------+--------+--------+-----+--------+

Top non-repeatable levels by time:
     D:1: 963 daAuts
     D:2: 40 daAuts
